 Dungeon Crawl Stone Soup version 0.23-a0-417-gf02c810438 (webtiles) character file.

375 Nixze the Shield-Bearer (level 6, -2/52 HPs)
             Began as a Hill Orc Fighter on Nov 10, 2018.
             Slain by a worker ant (6 damage)
             ... on level 4 of the Dungeon.
             The game lasted 00:06:57 (3421 turns).

Nixze the Shield-Bearer (Hill Orc Fighter)          Turns: 3421, Time: 00:06:58

Health: -2/52      AC:  6    Str: 21    XL:     6   Next: 73%
Magic:  6/6        EV:  7    Int:  8    God:
Gold:   141        SH: 10    Dex: 10    Spells: 5/5 levels left

rFire    . . .     SeeInvis .   a - +0 flail
rCold    . . .     Gourm    .   c - +0 shield
rNeg     . . .     Faith    +   b - +0 scale mail
rPois    .         Spirit   .   (no helmet)
rElec    .         Reflect  .   (no cloak)
rCorr    .         Harm     .   (no gloves)
MR       .....                  (no boots)
Stlth    ..........             j - amulet of faith
HPRegen  0.17/turn              (no ring)
MPRegen  0.10/turn              (no ring)

@: lethally poisoned (-2 -> -9)
A: no striking features
a: no special abilities


You were on level 4 of the Dungeon.
You were not hungry.

You visited 1 branch of the dungeon, and saw 4 of its levels.

You collected 141 gold pieces.

Inventory:

Hand Weapons
 a - a +0 flail (weapon)
Armour
 b - a +0 scale mail (worn)
 c - a +0 shield (worn)
Jewellery
 j - an amulet of faith (around neck)
Scrolls
 e - a scroll of fog {unknown}
 h - 4 scrolls of identify {unknown}
 k - a scroll of blinking {unknown}
 l - a scroll of enchant weapon {unknown}
 m - 2 scrolls of amnesia {unknown}
 p - 3 scrolls of fear {unknown}
 r - a scroll of noise {unknown}
 u - a scroll of immolation {unknown}
 v - a scroll of teleportation {unknown}
 y - a scroll of random uselessness {unknown}
Potions
 d - a potion of might
 i - 2 potions of heal wounds {unknown}
 n - 2 potions of brilliance
 o - 2 potions of curing {unknown}
 q - a potion of degeneration {unknown}
 s - a potion of resistance {unknown}
 t - a potion of ambrosia {unknown}
 w - a potion of flight {unknown}
 x - 2 potions of cancellation
Comestibles
 f - 11 rations
 g - 2 chunks of flesh


   Skills:
 - Level 3.8 Fighting
 + Level 5.4 Maces & Flails
 - Level 3.4 Armour
 + Level 6.0 Shields


You had 5 spell levels left.
You didn't know any spells.
Your spell library contained the following spells:

 Spells                   Type           Power        Failure   Level  Hunger
 Beastly Appendage        Tmut           #.....       98%         1    ##.....
 Sticks to Snakes         Tmut           #.......     99%         2    ###....
 Spider Form              Tmut/Pois      #.........   100%        3    ####...
 Ice Form                 Ice/Tmut       #.......     100%        4    #####..
 Blade Hands              Tmut           #.........   100%        5    ######.


Dungeon Overview and Level Annotations

Branches:
Dungeon (4/15)
 Temple: D:4-7

Altars:
Ashenzari
Cheibriados
Ru

Shops:
D:4 [


Message History

You hit the worker ant.
The worker ant is severely wounded.
* * * LOW HITPOINT WARNING * * *
You feel sick. The worker ant closely misses you.
You closely miss the worker ant.
The worker ant is severely wounded.
* * * LOW HITPOINT WARNING * * *
You feel sick. You block the worker ant's attack. x2
It was a potion of brilliance.
You feel clever all of a sudden.
* * * LOW HITPOINT WARNING * * *
You feel sick.
The worker ant bites you but does no damage.
It was a potion of cancellation.
Your magical effects are unravelling.
You feel magically purged.
You feel a little less clever now.
* * * LOW HITPOINT WARNING * * *
You feel sick. The worker ant bites you.
You die...

.....##.....##...... ##
.####.####.##.##
...........##...
####.#####..#.###... #....#
#....# #... #....# ##.###
#... #....# #..# #...
#######..a.######..### ...
#........@.##........# .##
#..........##........#
########..........##........#
..................##........#
..................'.........#
#
..................##........#
..
########..........##........#
.. #..........#########.# ..
#..........# .# ..


You could see a worker ant.

Vanquished Creatures
  An ogre (D:4)
  A scorpion (D:4)
  A hound (D:4)
  A worker ant (D:4)
  A hound skeleton (D:4)
  4 adders (D:3)
  3 gnolls (D:3)
  2 oozes
  2 worms
  2 dart slugs
  3 leopard geckos
  6 orcs
  2 ball pythons
  9 giant cockroaches
  10 goblins
  2 hobgoblins (D:1)
  6 jackals
  8 kobolds
  2 quokkas (D:4)
  5 bats
  10 frilled lizards
  8 rats
89 creatures vanquished.

Notes
Turn   | Place    | Note
-------+----------+-------------------------------------------
     0 | D:1      | Nixze the Hill Orc Fighter began the quest for the Orb.
     0 | D:1      | Reached XP level 1. HP: 19/19 MP: 1/1
   232 | D:1      | Reached XP level 2. HP: 27/27 MP: 2/2
   933 | D:2      | Found a snail-covered altar of Cheibriados.
   944 | D:2      | Reached XP level 3. HP: 25/33 MP: 3/3
  1069 | D:2      | Found a shattered altar of Ashenzari.
  1188 | D:2      | Reached skill level 4 in Shields
  1572 | D:3      | Reached XP level 4. HP: 40/40 MP: 4/4
  2183 | D:3      | Reached XP level 5. HP: 27/46 MP: 5/5
  2762 | D:4      | Found Naric's Armour Emporium.
  2765 | D:4      | Reached skill level 5 in Shields
  2804 | D:4      | Found a sacrificial altar of Ru.
  2992 | D:4      | Reached XP level 6. HP: 52/52 MP: 6/6
  3000 | D:4      | Reached skill level 5 in Maces & Flails
  3380 | D:4      | Reached skill level 6 in Shields
  3421 | D:4      | Slain by a worker ant

Vault maps used:
D:1:      dpeg_arrival_boxes_within_box, minmay_misc_feat_rows,
          minmay_strange_pillars, serial_park_tiny_pond, minmay_lizard_pond
D:2:      cheibriados_altar_1, ashenzari_altar_1
D:4:      old_standard_altar, serial_shops, shop, first_ration,
          vehumet_altar_wand_db

Skill      XL: |  1  2  3  4  5  6 |
---------------+-------------------+-----
Maces & Flails | 3 4 5 |  5.4
Shields        | 4 5 6 |  6.0
Fighting       | |  3.8
Armour         | |  3.4

Action                   |  1- 3 |  4- 6 || total
-------------------------+-------+-------++-------
Melee: Flail             |   169 |   186 ||   355
  Use: Potion            |       |     2 ||     2
  Eat: Chunk             |     2 |     7 ||     9
Armor: Scale mail        |    93 |    83 ||   176
Dodge: Dodged            |    63 |    54 ||   117
Block: Shield            |   101 |    85 ||   186

Table legend:
 A = Non-vault XP
 B = Vault XP
 C = Vault XP percentage of total XP
 D = Non-vault monster count
 E = Vault monster count
 F = Vault count percentage of total count
                 A         B        C        D         E       F
            +---------+---------+-------+---------+---------+-------
      Total |     529 |       8 |   1.5 |      81 |       8 |   9.0
            +---------+---------+-------+---------+---------+-------
        D:1 |      24 |       8 |  25.0 |      15 |       8 |  34.8
        D:2 |      48 |       0 |   0.0 |      24 |       0 |   0.0
        D:3 |     140 |       0 |   0.0 |      26 |       0 |   0.0
        D:4 |     317 |       0 |   0.0 |      16 |       0 |   0.0
            +---------+---------+-------+---------+---------+-------
